TOP OF THE 1ST |
Tri-City Dust Devils batting - Pitching for Auburn Doubledays : LHP Manny Aguilera
|
Pitching: LHP Manny Aguilera
|
|
Batting: RHB Jeremy Mercer
|
0-0: Foul Ball, location: 2F 0-1: Hit by Pitch
|
Batting: RHB Ruben Luis
|
0-0: Ball 1-0: Called Strike 1-1: Swinging Strike 1-2: Ball 2-2: Strikes out swinging
|
Batting: RHB Hector Fernandez
|
0-0: Ball Jeremy Mercer is caught stealing 2nd base 2-4 1-0: Foul Ball, location: 2F 1-1: Foul Ball, location: 2F 1-2: Foul Ball, location: 2F 1-2: Ground out 4-3 (Groundball, 4, EV 84.4 MPH)
|
Top of the 1st over - 0 runs, 0 hits, 0 errors, 0 left on base; Tri-City 0 - Auburn 0 |
BOTTOM OF THE 1ST |
Auburn Doubledays batting - Pitching for Tri-City Dust Devils : RHP Ezra Wunderly
|
Pitching: RHP Ezra Wunderly
|
|
Batting: SHB Dan Castaneda
|
0-0: Ground out U3 (Groundball, 34, EV 101.2 MPH)
|
Batting: RHB Travis Stanley
|
0-0: Foul Ball, location: 2F 0-1: Ball 1-1: SINGLE (Line Drive, 89S, EV 108.8 MPH)
|
Batting: LHB John Luke
|
0-0: Called Strike 0-1: Ball 1-1: Ball 2-1: Ground out 5-3 (Groundball, 56, EV 101.9 MPH) Travis Stanley to second
|
Batting: RHB Slavik Nebrodov
|
0-0: Ball 1-0: Ball 2-0: Called Strike 2-1: 2-RUN HOME RUN (Flyball, 78XD, EV 111.9 MPH), Distance : 428 ft
|
Batting: LHB Elias Posada
|
0-0: Called Strike 0-1: Ball 1-1: Ball 2-1: Foul Ball, location: 2F 2-2: Foul Ball, location: 2F 2-2: Foul Ball, location: 2F 2-2: Ground out U3 (Groundball, 34S, EV 82.5 MPH)
|
Bottom of the 1st over - 2 runs, 2 hits, 0 errors, 0 left on base; Tri-City 0 - Auburn 2 |
TOP OF THE 2ND |
Tri-City Dust Devils batting - Pitching for Auburn Doubledays : LHP Manny Aguilera
|
Batting: RHB Joe Weissman
|
0-0: SINGLE (Flyball, 89M, EV 96.2 MPH)
|
Batting: RHB Jaden Scott
|
0-0: Ball 1-0: Ball 2-0: Ball 3-0: Base on Balls Joe Weissman to second
|
Batting: RHB Bryan Pitcher
|
0-0: Foul Ball, location: 2F 0-1: Swinging Strike 0-2: Strikes out looking
|
Batting: LHB Roger Duque
|
0-0: Swinging Strike 0-1: Called Strike 0-2: Foul Ball, location: 2F 0-2: Fielders Choice at 2nd, 4-6 (Groundball, 4, EV 90.6 MPH) Joe Weissman to third
|
Batting: LHB Paul Adams
|
0-0: Ball 1-0: Ball 2-0: Called Strike 2-1: Foul Ball, location: 2F 2-2: Ground out 4-3 (Groundball, 34, EV 83.1 MPH)
|
Top of the 2nd over - 0 runs, 1 hit, 0 errors, 2 left on base; Tri-City 0 - Auburn 2 |
BOTTOM OF THE 2ND |
Auburn Doubledays batting - Pitching for Tri-City Dust Devils : RHP Ezra Wunderly
|
Batting: RHB Joe Young
|
0-0: Ball 1-0: Ground out 4-3 (Groundball, 34, EV 100.6 MPH)
|
Batting: RHB Jeff Page
|
0-0: Ball 1-0: Foul Ball, location: 2F 1-1: Foul Ball, location: 2F 1-2: Ball 2-2: Ground out 5-3 (Groundball, 56, EV 94.4 MPH)
|
Batting: RHB Bryan Ernst
|
0-0: Swinging Strike 0-1: Ball 1-1: Foul Ball, location: 2F 1-2: Ground out 6-3 (Groundball, 6, EV 88.8 MPH)
|
Bottom of the 2nd over - 0 runs, 0 hits, 0 errors, 0 left on base; Tri-City 0 - Auburn 2 |
TOP OF THE 3RD |
Tri-City Dust Devils batting - Pitching for Auburn Doubledays : LHP Manny Aguilera
|
Batting: RHB Ron Major
|
0-0: Ground out 5-3 (Groundball, 5S, EV 66.9 MPH)
|
Batting: RHB Jeremy Mercer
|
0-0: Foul Ball, location: 2F 0-1: Swinging Strike 0-2: Ball 1-2: DOUBLE (Line Drive, 9LM, EV 110.6 MPH)
|
Batting: RHB Ruben Luis
|
0-0: Ball 1-0: Foul Ball, location: 2F 1-1: Fly out, F8 (Line Drive, 8RD, EV 90.0 MPH)
|
Batting: RHB Hector Fernandez
|
0-0: Foul Ball, location: 2F 0-1: Foul Ball, location: 2F 0-2: Ball 1-2: Ball 2-2: Foul Ball, location: 2F 2-2: Ball 3-2: Ground out 6-3 (Groundball, 6, EV 86.9 MPH)
|
Top of the 3rd over - 0 runs, 1 hit, 0 errors, 1 left on base; Tri-City 0 - Auburn 2 |
BOTTOM OF THE 3RD |
Auburn Doubledays batting - Pitching for Tri-City Dust Devils : RHP Ezra Wunderly
|
Batting: RHB Jon Hill
|
0-0: Ball 1-0: Ground out 6-3 (Groundball, 6M, EV 88.1 MPH)
|
Batting: SHB Dan Castaneda
|
0-0: Called Strike 0-1: Ball 1-1: Called Strike 1-2: Ball 2-2: Ground out U3 (Groundball, 34, EV 98.1 MPH)
|
Batting: RHB Travis Stanley
|
0-0: Ball 1-0: Ball 2-0: Called Strike 2-1: Foul Ball, location: 2F 2-2: Fly out, F4 (Popup, 34, EV 65.6 MPH)
|
Bottom of the 3rd over - 0 runs, 0 hits, 0 errors, 0 left on base; Tri-City 0 - Auburn 2 |
TOP OF THE 4TH |
Tri-City Dust Devils batting - Pitching for Auburn Doubledays : LHP Manny Aguilera
|
Batting: RHB Joe Weissman
|
0-0: Foul Ball, location: 2F 0-1: Ball 1-1: Swinging Strike 1-2: Ball 2-2: Strikes out looking
|
Batting: RHB Jaden Scott
|
0-0: Called Strike 0-1: SINGLE (Line Drive, 7S, EV 95.0 MPH)
|
Batting: RHB Bryan Pitcher
|
0-0: Ball Pickoff Throw by Catcher to First - Error! E2 Jaden Scott to second 1-0: Fly out, F8 (Line Drive, 8RD, EV 88.8 MPH)
|
Batting: LHB Roger Duque
|
0-0: Called Strike 0-1: Fly out, F9 (Flyball, 9LM, EV 108.1 MPH)
|
Top of the 4th over - 0 runs, 1 hit, 1 error, 1 left on base; Tri-City 0 - Auburn 2 |
BOTTOM OF THE 4TH |
Auburn Doubledays batting - Pitching for Tri-City Dust Devils : RHP Ezra Wunderly
|
Batting: LHB John Luke
|
0-0: Ball 1-0: Ball 2-0: Ball 3-0: Called Strike 3-1: Called Strike 3-2: Strikes out looking
|
Batting: RHB Slavik Nebrodov
|
0-0: Called Strike 0-1: Fly out, F8 (Flyball, 8RXD, EV 105.0 MPH)
|
Batting: LHB Elias Posada
|
0-0: Ball 1-0: Swinging Strike 1-1: Ball 2-1: Called Strike 2-2: Foul Ball, location: 2F 2-2: Strikes out swinging
|
Bottom of the 4th over - 0 runs, 0 hits, 0 errors, 0 left on base; Tri-City 0 - Auburn 2 |
TOP OF THE 5TH |
Tri-City Dust Devils batting - Pitching for Auburn Doubledays : LHP Manny Aguilera
|
Batting: LHB Paul Adams
|
0-0: Called Strike 0-1: Ball 1-1: Ground out 1-3 (Groundball, 13S, EV 65.0 MPH)
|
Batting: RHB Ron Major
|
0-0: Ground out U3 (Groundball, 3S, EV 76.9 MPH)
|
Batting: RHB Jeremy Mercer
|
0-0: Ball 1-0: Ball 2-0: Ball 3-0: Called Strike 3-1: Called Strike 3-2: Foul Ball, location: 2F 3-2: SINGLE (Groundball, 56S, EV 66.2 MPH) (infield hit)
|
Batting: RHB Ruben Luis
|
0-0: Called Strike 0-1: Fly out, F7 (Flyball, 78S, EV 84.4 MPH)
|
Top of the 5th over - 0 runs, 1 hit, 0 errors, 1 left on base; Tri-City 0 - Auburn 2 |
BOTTOM OF THE 5TH |
Auburn Doubledays batting - Pitching for Tri-City Dust Devils : RHP Ezra Wunderly
|
Batting: RHB Joe Young
|
0-0: Swinging Strike 0-1: Ball 1-1: Foul Ball, location: 2F 1-2: Ground out 6-3 (Groundball, 6S, EV 81.9 MPH)
|
Batting: RHB Jeff Page
|
0-0: SINGLE (Flyball, 5D, EV 91.9 MPH)
|
Batting: RHB Bryan Ernst
|
0-0: Called Strike 0-1: Fly out, F3 (Popup, 3F, EV 65.0 MPH)
|
Batting: RHB Jon Hill
|
0-0: Swinging Strike 0-1: Called Strike 0-2: Ball 1-2: Strikes out swinging
|
Bottom of the 5th over - 0 runs, 1 hit, 0 errors, 1 left on base; Tri-City 0 - Auburn 2 |
TOP OF THE 6TH |
Tri-City Dust Devils batting - Pitching for Auburn Doubledays : LHP Manny Aguilera
|
Batting: RHB Hector Fernandez
|
0-0: Called Strike 0-1: SINGLE (Line Drive, 78S, EV 102.5 MPH)
|
Batting: RHB Joe Weissman
|
0-0: Fly out, F8 (Flyball, 8LXD, EV 101.9 MPH)
|
Batting: RHB Jaden Scott
|
0-0: Ball 1-0: Ball 2-0: SINGLE (Groundball, 56D, EV 103.8 MPH) Hector Fernandez to second
|
Batting: RHB Bryan Pitcher
|
0-0: Called Strike 0-1: Called Strike 0-2: Ball 1-2: Strikes out swinging
|
Batting: LHB Roger Duque
|
0-0: Fly out, F3 (Flyball, 34D, EV 88.8 MPH)
|
Top of the 6th over - 0 runs, 2 hits, 0 errors, 2 left on base; Tri-City 0 - Auburn 2 |
BOTTOM OF THE 6TH |
Auburn Doubledays batting - Pitching for Tri-City Dust Devils : RHP Ezra Wunderly
|
Batting: SHB Dan Castaneda
|
0-0: Foul Ball, location: 2F 0-1: Ball 1-1: Foul Ball, location: 2F 1-2: Ball 2-2: Ball 3-2: Ground out 4-3 (Groundball, 4, EV 84.4 MPH)
|
Batting: RHB Travis Stanley
|
0-0: Foul Ball, location: 2F 0-1: Ball 1-1: Foul Ball, location: 2F 1-2: Ball 2-2: Ground out 6-3 (Groundball, 6, EV 87.5 MPH)
|
Batting: LHB John Luke
|
0-0: Ball 1-0: Ground out 4-3 (Groundball, 4, EV 99.4 MPH)
|
Bottom of the 6th over - 0 runs, 0 hits, 0 errors, 0 left on base; Tri-City 0 - Auburn 2 |
TOP OF THE 7TH |
Tri-City Dust Devils batting - Pitching for Auburn Doubledays : LHP Manny Aguilera
|
Batting: LHB Paul Adams
|
0-0: Called Strike 0-1: Ball 1-1: Foul Ball, location: 2F 1-2: Ground out 3-1 (Groundball, 34, EV 91.9 MPH)
|
Batting: RHB Ron Major
|
0-0: Swinging Strike 0-1: Swinging Strike 0-2: Ball 1-2: Strikes out swinging
|
Batting: RHB Jeremy Mercer
|
0-0: Foul Ball, location: 2F 0-1: Swinging Strike 0-2: Fly out, F6 (Line Drive, 6, EV 73.8 MPH)
|
Top of the 7th over - 0 runs, 0 hits, 0 errors, 0 left on base; Tri-City 0 - Auburn 2 |
BOTTOM OF THE 7TH |
Auburn Doubledays batting - Pitching for Tri-City Dust Devils : RHP Ezra Wunderly
|
Pitching: LHP Andy Silveira
|
|
Batting: RHB Slavik Nebrodov
|
0-0: Ball 1-0: Foul Ball, location: 2F 1-1: Foul Ball, location: 2F 1-2: Ball 2-2: Foul Ball, location: 2F 2-2: Ball 3-2: Base on Balls
|
Batting: LHB Elias Posada
|
0-0: Foul Ball, location: 2F 0-1: SINGLE (Groundball, 56, EV 103.1 MPH) (infield hit) Slavik Nebrodov to second
|
Batting: RHB Joe Young
|
0-0: Called Strike 0-1: Bunt missed! 0-2: Strikes out swinging
|
Batting: RHB Jeff Page
|
0-0: SINGLE (Line Drive, 89S, EV 88.8 MPH) Slavik Nebrodov to third Elias Posada to second
|
Batting: RHB Bryan Ernst
|
0-0: SINGLE (Line Drive, 9S, EV 109.4 MPH) Slavik Nebrodov scores Elias Posada to third Jeff Page to second Runner from 3rd tries for Home, SAFE, throw by RF to home
|
Batting: RHB Jon Hill
|
0-0: Ball 1-0: Called Strike 1-1: Foul Ball, location: 2F 1-2: Strikes out swinging
|
Batting: SHB Dan Castaneda
|
0-0: Called Strike 0-1: Foul Ball, location: 2F 0-2: Ball 1-2: Fly out, F7 (Flyball, 78D, EV 83.8 MPH)
|
Bottom of the 7th over - 2 runs, 3 hits, 0 errors, 2 left on base; Tri-City 0 - Auburn 4 |
TOP OF THE 8TH |
Tri-City Dust Devils batting - Pitching for Auburn Doubledays : LHP Manny Aguilera
|
Pitching: RHP Mike DiFonzo
|
|
Batting: RHB Ruben Luis
|
0-0: Ball 1-0: Called Strike 1-1: Ball 2-1: Foul Ball, location: 2F 2-2: Reached on error, E1 (Groundball, P, EV 69.4 MPH)
|
Batting: RHB Hector Fernandez
|
0-0: Called Strike 0-1: Ball 1-1: Ball 2-1: SINGLE (Flyball, 8RS, EV 90.6 MPH) Ruben Luis to third
|
Batting: RHB Joe Weissman
|
0-0: Fly out, F8 (Flyball, 8LD, EV 103.1 MPH) Runner from 3rd tags up, SCORES, throw by CF
|
Batting: RHB Jaden Scott
|
0-0: Ball 1-0: Foul Ball, location: 2F 1-1: Ball 2-1: Ball 3-1: Hit by Pitch Hector Fernandez to second
|
Batting: RHB Bryan Pitcher
|
0-0: Called Strike 0-1: Ball 1-1: Swinging Strike 1-2: Ball 2-2: Ball 3-2: Strikes out swinging Hector Fernandez steals 3rd base Batter strikes out. Jaden Scott to second
|
Batting: LHB Roger Duque
|
0-0: Foul Ball, location: 2F 0-1: SINGLE (Line Drive, 34D, EV 98.8 MPH) Hector Fernandez scores Jaden Scott to third Runner from 3rd tries for Home, SAFE, throw by RF to home
|
Batting: LHB Paul Adams
|
0-0: Ball 1-0: Foul Ball, location: 2F 1-1: Ball Wild Pitch! Roger Duque to second 2-1: Foul Ball, location: 2F 2-2: Ball 3-2: Strikes out swinging
|
Top of the 8th over - 3 runs, 2 hits, 1 error, 1 left on base; Tri-City 3 - Auburn 4 |
BOTTOM OF THE 8TH |
Auburn Doubledays batting - Pitching for Tri-City Dust Devils : LHP Andy Silveira
|
Pitching: RHP Ching Ge
|
|
Batting: RHB Travis Stanley
|
0-0: Ball 1-0: Ball 2-0: Ball 3-0: Called Strike 3-1: Ground out 5-3 (Groundball, 56, EV 98.8 MPH)
|
Batting: LHB John Luke
|
0-0: Ball 1-0: Called Strike 1-1: Foul Ball, location: 2F 1-2: Foul Ball, location: 2F 1-2: SINGLE (Flyball, 8LS, EV 91.9 MPH)
|
Batting: RHB Slavik Nebrodov
|
0-0: Ball 1-0: Ball 2-0: Ball 3-0: Called Strike 3-1: Base on Balls John Luke to second
|
Batting: LHB Elias Posada
|
0-0: Ball 1-0: Ball 2-0: Ball 3-0: Base on Balls John Luke to third Slavik Nebrodov to second
|
Batting: RHB Joe Young
|
0-0: Ball 1-0: Called Strike 1-1: Ball 2-1: Grounds into fielders choice 5-2 (Groundball, 56, EV 88.1 MPH) Slavik Nebrodov to third Elias Posada to second
|
Batting: RHB Jeff Page
|
0-0: Ball Wild Pitch! Slavik Nebrodov scores Elias Posada to third Joe Young to second 1-0: Ball 2-0: Foul Ball, location: 2F 2-1: SINGLE (Groundball, 6MD, EV 101.2 MPH) Elias Posada scores Joe Young to third Runner from 3rd tries for Home, SAFE, throw by CF to home
|
Pitching: RHP Jordan Arredondo
|
|
Batting: RHB Bryan Ernst
|
0-0: Foul Ball, location: 2F 0-1: Fielders Choice at 2nd, 6-4 (Groundball, 6, EV 99.4 MPH)
|
Bottom of the 8th over - 3 runs, 2 hits, 0 errors, 1 left on base; Tri-City 3 - Auburn 7 |
TOP OF THE 9TH |
Tri-City Dust Devils batting - Pitching for Auburn Doubledays : RHP Mike DiFonzo
|
Pitching: LHP Juan Bonet
|
|
Batting: RHB Ron Major
|
0-0: Called Strike 0-1: Ball 1-1: Ball 2-1: Ball 3-1: Called Strike 3-2: Base on Balls
|
Batting: RHB Jeremy Mercer
|
0-0: Ball 1-0: Ball 2-0: Foul Ball, location: 2F 2-1: Fielders Choice at 2nd, 5-4 (Groundball, 56, EV 106.9 MPH)
|
Batting: RHB Ruben Luis
|
0-0: Ball 1-0: Ball 2-0: Fielders Choice at 2nd, 5-4 (Groundball, 5L, EV 106.2 MPH)
|
Batting: RHB Hector Fernandez
|
0-0: Ball 1-0: Called Strike 1-1: Ball 2-1: Foul Ball, location: 2F 2-2: Fly out, F8 (Flyball, 89M, EV 93.8 MPH)
|
Top of the 9th over - 0 runs, 0 hits, 0 errors, 1 left on base; Tri-City 3 - Auburn 7 |
|